TOP OF THE 1ST |
Santa Fe Diablos batting - Pitching for Key West Barracudas : LHP Luis Rodríguez
|
Pitching: LHP Luis Rodríguez
|
|
Batting: RHB Emílio Bruno
|
0-0: Ball 1-0: SINGLE (Line Drive, 9LM)
|
Batting: RHB Naomi Kitamura
|
0-0: Fly out, F9 (Flyball, 89D)
|
Batting: SHB António Hernández
|
0-0: Ball 1-0: Called Strike 1-1: Fly out, F9 (Popup, 9LS)
|
Batting: RHB Júlio López
|
0-0: Ball Emílio Bruno steals 2nd base 1-0: SINGLE (Groundball, 56D) Emílio Bruno to third Runner from 3rd tries for Home, SAFE, no throw or cutoff
|
Batting: LHB Don Soper
|
0-0: Swinging Strike 0-1: Called Strike 0-2: Strikes out swinging
|
Top of the 1st over - 1 run(s), 2 hit(s), 0 error(s), 1 left on base; Santa Fe 1 - Key West 0 |
BOTTOM OF THE 1ST |
Key West Barracudas batting - Pitching for Santa Fe Diablos : RHP Honorato Mota
|
Pitching: RHP Honorato Mota
|
|
Batting: SHB Rodney Birling
|
0-0: DOUBLE (Flyball, 9LM)
|
Batting: RHB Carlos Bravo
|
0-0: Called Strike 0-1: Ball 1-1: Ball 2-1: Foul Ball, location: 2F 2-2: Ground out 6-3 (Groundball, 6S) Rodney Birling to third
|
Batting: RHB Carlos Miranda
|
0-0: SINGLE (Line Drive, 7S) Rodney Birling scores
|
Batting: RHB Ramiro Gámez
|
0-0: Ball 1-0: Ball 2-0: DOUBLE (Flyball, 8LXD) Carlos Miranda to third
|
Batting: LHB Jake Wells
|
0-0: Ball 1-0: Fly out, F8 (Flyball, 89D) Runner from 3rd tags up, SCORES, no throw
|
Batting: RHB Kenny Cole
|
0-0: Ball 1-0: Foul Ball, location: 2F 1-1: Ground out 6-3 (Groundball, 6)
|
Bottom of the 1st over - 2 run(s), 3 hit(s), 0 error(s), 1 left on base; Santa Fe 1 - Key West 2 |
TOP OF THE 2ND |
Santa Fe Diablos batting - Pitching for Key West Barracudas : LHP Luis Rodríguez
|
Batting: RHB Bill Finley
|
0-0: Called Strike 0-1: Ball 1-1: Ground out 6-3 (Groundball, 6)
|
Batting: RHB Ánibal Gonzáles
|
0-0: Ball 1-0: Ball 2-0: Called Strike 2-1: Swinging Strike 2-2: Foul Ball, location: 2F 2-2: Ball 3-2: Strikes out swinging
|
Batting: RHB Michael Anderson
|
0-0: Ball 1-0: Ground out 3-1 (Groundball, 34)
|
Top of the 2nd over - 0 run(s), 0 hit(s), 0 error(s), 0 left on base; Santa Fe 1 - Key West 2 |
BOTTOM OF THE 2ND |
Key West Barracudas batting - Pitching for Santa Fe Diablos : RHP Honorato Mota
|
Batting: RHB Frederick Chamberlain
|
0-0: Ball 1-0: Ball 2-0: Called Strike 2-1: Foul Ball, location: 2F 2-2: Strikes out looking
|
Batting: RHB Victor Baker
|
0-0: Called Strike 0-1: Swinging Strike 0-2: Ball 1-2: Strikes out swinging
|
Batting: LHB Motoki Hirata
|
0-0: Called Strike 0-1: Swinging Strike 0-2: Strikes out swinging
|
Bottom of the 2nd over - 0 run(s), 0 hit(s), 0 error(s), 0 left on base; Santa Fe 1 - Key West 2 |
TOP OF THE 3RD |
Santa Fe Diablos batting - Pitching for Key West Barracudas : LHP Luis Rodríguez
|
Batting: RHB John Riley
|
0-0: Ball 1-0: Ball 2-0: Ball 3-0: Called Strike 3-1: Foul Ball, location: 2F 3-2: Strikes out swinging
|
Batting: RHB Emílio Bruno
|
0-0: Called Strike 0-1: Ball 1-1: Ball 2-1: Swinging Strike 2-2: Ball 3-2: Strikes out swinging
|
Batting: RHB Naomi Kitamura
|
0-0: Called Strike 0-1: Swinging Strike 0-2: SINGLE (Line Drive, 89M)
|
Batting: SHB António Hernández
|
0-0: Called Strike 0-1: Swinging Strike 0-2: Ground out 6-3 (Groundball, 56)
|
Top of the 3rd over - 0 run(s), 1 hit(s), 0 error(s), 1 left on base; Santa Fe 1 - Key West 2 |
BOTTOM OF THE 3RD |
Key West Barracudas batting - Pitching for Santa Fe Diablos : RHP Honorato Mota
|
Batting: SHB Rodney Birling
|
0-0: Ball 1-0: Called Strike 1-1: Ball 2-1: Foul Ball, location: 2F 2-2: Ground out 4-3 (Groundball, 34)
|
Batting: RHB Carlos Bravo
|
0-0: Ball 1-0: Fly out, F8 (Flyball, 8LM)
|
Batting: RHB Carlos Miranda
|
0-0: Ball 1-0: Ground out 2-3 (Groundball, 15S)
|
Bottom of the 3rd over - 0 run(s), 0 hit(s), 0 error(s), 0 left on base; Santa Fe 1 - Key West 2 |
TOP OF THE 4TH |
Santa Fe Diablos batting - Pitching for Key West Barracudas : LHP Luis Rodríguez
|
Batting: RHB Júlio López
|
0-0: Ball 1-0: Foul Ball, location: 2F 1-1: Ball 2-1: Ball 3-1: Base on Balls
|
Batting: LHB Don Soper
|
0-0: Ball 1-0: Ball 2-0: Called Strike 2-1: Ball 3-1: Foul Ball, location: 2F 3-2: Strikes out looking
|
Batting: RHB Bill Finley
|
0-0: Ball 1-0: Ground out 5-3 (Groundball, 56S) Júlio López to second
|
Batting: RHB Ánibal Gonzáles
|
0-0: Foul Ball, location: 2F 0-1: Ball 1-1: Foul Ball, location: 2F 1-2: Foul Ball, location: 2F 1-2: Strikes out looking
|
Top of the 4th over - 0 run(s), 0 hit(s), 0 error(s), 1 left on base; Santa Fe 1 - Key West 2 |
BOTTOM OF THE 4TH |
Key West Barracudas batting - Pitching for Santa Fe Diablos : RHP Honorato Mota
|
Batting: RHB Ramiro Gámez
|
0-0: SINGLE (Line Drive, 78S)
|
Batting: LHB Jake Wells
|
0-0: Foul Ball, location: 2F 0-1: Swinging Strike 0-2: Fielders Choice at 2nd, 4-6 (Groundball, 34)
|
Batting: RHB Kenny Cole
|
0-0: Called Strike 0-1: Ball 1-1: Swinging Strike 1-2: Ball 2-2: Strikes out swinging
|
Batting: RHB Frederick Chamberlain
|
0-0: Called Strike 0-1: Ball 1-1: SINGLE (Line Drive, 89S) Jake Wells to second
|
Batting: RHB Victor Baker
|
0-0: Ball 1-0: Foul Ball, location: 2F 1-1: Swinging Strike 1-2: Ball 2-2: Ball 3-2: SINGLE (Line Drive, 56D) Jake Wells to third Frederick Chamberlain to second Jake Wells scores Frederick Chamberlain to third
|
Batting: LHB Motoki Hirata
|
0-0: Ball 1-0: Foul Ball, location: 2F 1-1: Ball 2-1: Ball 3-1: Fly out, F7 (Flyball, 7M)
|
Bottom of the 4th over - 1 run(s), 3 hit(s), 0 error(s), 2 left on base; Santa Fe 1 - Key West 3 |
TOP OF THE 5TH |
Santa Fe Diablos batting - Pitching for Key West Barracudas : LHP Luis Rodríguez
|
Batting: RHB Michael Anderson
|
0-0: Called Strike 0-1: Reached on error, E6 (Groundball, 6)
|
Batting: RHB John Riley
|
0-0: Ball 1-0: Ball 2-0: Ball 3-0: Base on Balls Michael Anderson to second
|
Batting: RHB Emílio Bruno
|
0-0: Foul Ball, location: 2F 0-1: SINGLE (Line Drive, 9LS) Michael Anderson to third John Riley to second Runner from 3rd tries for Home, SAFE, throw made home
|
Batting: RHB Naomi Kitamura
|
0-0: Called Strike 0-1: DOUBLE (Groundball, 5L) John Riley scores Emílio Bruno to third Runner from 3rd tries for Home, throw and OUT! Naomi Kitamura to third
|
Batting: SHB António Hernández
|
0-0: Called Strike 0-1: Called Strike 0-2: Ball 1-2: Ball 2-2: Strikes out swinging
|
Batting: RHB Júlio López
|
0-0: Ball 1-0: Called Strike 1-1: Ball 2-1: Called Strike 2-2: Fly out, F6 (Popup, 56D)
|
Top of the 5th over - 2 run(s), 2 hit(s), 1 error(s), 1 left on base; Santa Fe 3 - Key West 3 |
BOTTOM OF THE 5TH |
Key West Barracudas batting - Pitching for Santa Fe Diablos : RHP Honorato Mota
|
Batting: SHB Rodney Birling
|
0-0: Fly out, F9 (Flyball, 89M)
|
Batting: RHB Carlos Bravo
|
0-0: Swinging Strike 0-1: Fly out, F7 (Flyball, 7M)
|
Batting: RHB Carlos Miranda
|
0-0: Fly out, F8 (Flyball, 8RM)
|
Bottom of the 5th over - 0 run(s), 0 hit(s), 0 error(s), 0 left on base; Santa Fe 3 - Key West 3 |
TOP OF THE 6TH |
Santa Fe Diablos batting - Pitching for Key West Barracudas : LHP Luis Rodríguez
|
Batting: LHB Don Soper
|
0-0: DOUBLE (Line Drive, 78M)
|
Pitching: RHP Chris Jones
|
|
Pinch Runner at 2nd Ray Davis:
|
|
Batting: RHB Bill Finley
|
0-0: Intentional Walk
|
Batting: RHB Ánibal Gonzáles
|
0-0: SINGLE (Line Drive, 6MD) Ray Davis to third Bill Finley to second
|
Batting: RHB Michael Anderson
|
0-0: Ball 1-0: Swinging Strike 1-1: Ball 2-1: Foul Ball, location: 2F 2-2: Strikes out looking
|
Batting: RHB John Riley
|
0-0: Called Strike 0-1: Ball 1-1: Foul Ball, location: 2F 1-2: DOUBLE (Popup, 56D) Ray Davis scores Bill Finley scores Ánibal Gonzáles to third
|
Batting: RHB Emílio Bruno
|
0-0: Ball 1-0: Ground out 4-3 (Groundball, 13)
|
Batting: RHB Naomi Kitamura
|
0-0: Ball 1-0: Foul Ball, location: 2F 1-1: Foul Ball, location: 2F 1-2: Foul Ball, location: 2F 1-2: Ball 2-2: SINGLE (Line Drive, 8LS) Ánibal Gonzáles scores John Riley to third Runner from 3rd tries for Home, SAFE, no throw or cutoff
|
Pitching: LHP Rubén Rojas
|
|
Batting: SHB António Hernández
|
0-0: Swinging Strike 0-1: Foul Ball, location: 2F 0-2: Ball 1-2: Foul Ball, location: 2F 1-2: Ball 2-2: Foul Ball, location: 2F 2-2: Ball 3-2: Strikes out looking
|
Top of the 6th over - 4 run(s), 4 hit(s), 0 error(s), 1 left on base; Santa Fe 7 - Key West 3 |
BOTTOM OF THE 6TH |
Key West Barracudas batting - Pitching for Santa Fe Diablos : RHP Honorato Mota
|
Now in CF: Ray Davis
|
|
Batting: RHB Ramiro Gámez
|
0-0: Swinging Strike 0-1: Fly out, F7 (Flyball, 7D)
|
Batting: LHB Jake Wells
|
0-0: Called Strike 0-1: Ball 1-1: Called Strike 1-2: Fly out, F8 (Flyball, 8LM)
|
Batting: RHB Kenny Cole
|
0-0: Called Strike 0-1: Foul Ball, location: 2F 0-2: Ball 1-2: Fly out, F7 (Flyball, 7S)
|
Bottom of the 6th over - 0 run(s), 0 hit(s), 0 error(s), 0 left on base; Santa Fe 7 - Key West 3 |
TOP OF THE 7TH |
Santa Fe Diablos batting - Pitching for Key West Barracudas : LHP Rubén Rojas
|
Batting: RHB Júlio López
|
0-0: Ball 1-0: Swinging Strike 1-1: Foul Ball, location: 2F 1-2: Foul Ball, location: 2F 1-2: Ground out 5-3 (Groundball, 5)
|
Batting: RHB Ray Davis
|
0-0: Ball 1-0: Called Strike 1-1: Swinging Strike 1-2: Ground out 5-3 (Groundball, 5L)
|
Batting: RHB Bill Finley
|
0-0: Ball 1-0: Ground out 6-3 (Groundball, 6)
|
Top of the 7th over - 0 run(s), 0 hit(s), 0 error(s), 0 left on base; Santa Fe 7 - Key West 3 |
BOTTOM OF THE 7TH |
Key West Barracudas batting - Pitching for Santa Fe Diablos : RHP Honorato Mota
|
Batting: RHB Frederick Chamberlain
|
0-0: Called Strike 0-1: Fly out, F6 (Line Drive, 6M)
|
Batting: RHB Victor Baker
|
0-0: Called Strike 0-1: Ball 1-1: DOUBLE (Line Drive, 78S)
|
Batting: LHB Motoki Hirata
|
0-0: Ball 1-0: Ball 2-0: DOUBLE (Flyball, 8LXD) Victor Baker scores
|
Batting: SHB Rodney Birling
|
0-0: Called Strike 0-1: Swinging Strike 0-2: Strikes out looking
|
Batting: RHB Carlos Bravo
|
0-0: Foul Ball, location: 2F 0-1: Swinging Strike 0-2: Foul Ball, location: 2F 0-2: Ball 1-2: Ball 2-2: Foul Ball, location: 2F 2-2: Foul Ball, location: 2F 2-2: Ball 3-2: Strikes out swinging
|
Bottom of the 7th over - 1 run(s), 2 hit(s), 0 error(s), 1 left on base; Santa Fe 7 - Key West 4 |
TOP OF THE 8TH |
Santa Fe Diablos batting - Pitching for Key West Barracudas : LHP Rubén Rojas
|
Batting: RHB Ánibal Gonzáles
|
0-0: Swinging Strike 0-1: Swinging Strike 0-2: Ball 1-2: Strikes out swinging
|
Batting: RHB Michael Anderson
|
0-0: Foul Ball, location: 2F 0-1: Called Strike 0-2: Ball 1-2: Foul Ball, location: 2F 1-2: Strikes out swinging
|
Batting: RHB John Riley
|
0-0: SINGLE (Groundball, 6MD)
|
Batting: RHB Emílio Bruno
|
0-0: Swinging Strike 0-1: Ball 1-1: Ball 2-1: Foul Ball, location: 2F 2-2: Ball 3-2: Base on Balls John Riley to second
|
Batting: RHB Naomi Kitamura
|
0-0: Ball 1-0: Ball 2-0: Ball 3-0: Base on Balls John Riley to third Emílio Bruno to second
|
Pinch Hitting: RHB Robinson Pacheco
|
0-0: Ball 1-0: Ball 2-0: Ball 3-0: Called Strike 3-1: Base on Balls John Riley scores Emílio Bruno to third Naomi Kitamura to second
|
Batting: RHB Júlio López
|
0-0: Called Strike 0-1: Foul Ball, location: 2F 0-2: SINGLE (Line Drive, 4D) Emílio Bruno scores Naomi Kitamura to third Robinson Pacheco to second Runner from 3rd tries for Home, SAFE, no throw or cutoff
|
Pitching: RHP Sean Harden
|
|
Batting: RHB Ray Davis
|
0-0: Called Strike 0-1: Called Strike 0-2: Foul Ball, location: 2F 0-2: Ground out 1-3 (Groundball, 25)
|
Top of the 8th over - 3 run(s), 2 hit(s), 0 error(s), 2 left on base; Santa Fe 10 - Key West 4 |
BOTTOM OF THE 8TH |
Key West Barracudas batting - Pitching for Santa Fe Diablos : RHP Honorato Mota
|
Pitching: RHP David Sheppard
|
|
Now at 2B: George Adams
|
|
Batting: RHB Carlos Miranda
|
0-0: Ground out 1-3 (Groundball, 13S)
|
Batting: RHB Ramiro Gámez
|
0-0: Ball 1-0: Ball 2-0: Ground out 6-3 (Groundball, 6)
|
Batting: LHB Jake Wells
|
0-0: Ball 1-0: Called Strike 1-1: Fly out, F8 (Line Drive, 8LM)
|
Bottom of the 8th over - 0 run(s), 0 hit(s), 0 error(s), 0 left on base; Santa Fe 10 - Key West 4 |
TOP OF THE 9TH |
Santa Fe Diablos batting - Pitching for Key West Barracudas : RHP Sean Harden
|
Batting: RHB Bill Finley
|
0-0: SINGLE (Line Drive, 9S)
|
Batting: RHB Ánibal Gonzáles
|
0-0: Bunt missed! 0-1: Sac Bunt - play at second, runner OUT! 5-6
|
Batting: RHB Michael Anderson
|
0-0: Called Strike Ánibal Gonzáles steals 2nd base 0-1: Called Strike 0-2: Ball 1-2: SINGLE (Line Drive, 9S) Ánibal Gonzáles to third Runner from 3rd tries for Home, SAFE, no throw or cutoff
|
Batting: RHB John Riley
|
0-0: Grounds into double play, 5-4-3 (Groundball, 5)
|
Top of the 9th over - 1 run(s), 2 hit(s), 0 error(s), 0 left on base; Santa Fe 11 - Key West 4 |
BOTTOM OF THE 9TH |
Key West Barracudas batting - Pitching for Santa Fe Diablos : RHP David Sheppard
|
Batting: RHB Kenny Cole
|
0-0: Called Strike 0-1: Ball 1-1: Ground out 6-3 (Groundball, 6)
|
Batting: RHB Frederick Chamberlain
|
0-0: Ball 1-0: Foul Ball, location: 2F 1-1: Foul Ball, location: 2F 1-2: Ground out 4-3 (Groundball, 4M)
|
Batting: RHB Victor Baker
|
0-0: Ball 1-0: Ball 2-0: Called Strike 2-1: Ball 3-1: Base on Balls
|
Batting: LHB Motoki Hirata
|
0-0: Swinging Strike 0-1: Ball 1-1: Fly out, F9 (Flyball, 89S)
|
Bottom of the 9th over - 0 run(s), 0 hit(s), 0 error(s), 1 left on base; Santa Fe 11 - Key West 4 |
|